Rangers vs Sabres

Created - February 16 2011 at 18:20

Goals
1 2 3 T
Rangers 0 1 0 1
Sabres 1 3 1 5
Shots
1 2 3 T
Rangers 11 9 8 28
Sabres 7 9 6 22

Period #1

1. Sabres , Victor Hedman 6 (Tuomo Ruutu, Eric Fehr) at 3:14 (PP)

Penalties :
Kyle Quincey (BUF) for Goalie Interference (Minor) at 0:31, Dan Cleary (NYR) for Interference (Minor) at 1:39, Jim Slater (NYR) for Delaying the game (Minor) at 7:14, Patrick Kaleta (BUF) for Hooking (Minor) at 9:31, Alexander Edler (NYR) for Interference (Minor) at 12:39, Paul Gaustad (BUF) for Hooking (Minor) at 18:31

Period #2

2. Sabres , Eric Fehr 16 (Kim Johnsson) at 0:40
3. Sabres , James Neal 15 (Mike Richards, Tyler Myers) at 7:54 (PP)
4. Rangers , Chris Kelly 5 (Lubomir Visnovsky, Andrei Kostitsyn) at 8:12
5. Sabres , Mike Richards 29 (James Neal, Teemu Selanne) at 15:41

Penalties :
Christoph Schubert (NYR) for Interference (Minor) at 3:08, Gilbert Brule (NYR) for Holding (Minor) at 7:25, Nikolai Kulemin (NYR) for Charging (Minor) at 9:10

Period #3

6. Sabres , Mike Richards 30 (Teemu Selanne, Tyler Myers) at 14:15

Penalties :
James Neal (BUF) for Holding (Minor) at 0:15, Christoph Schubert (NYR) for Hooking (Minor) at 2:38, Dan Cleary (NYR) for Roughing (Minor) at 6:50, Patrick Kaleta (BUF) for Holding (Minor) at 14:49, Mike Richards (BUF) for Holding (Minor) at 15:08, Luke Schenn (BUF) for Hooking (Minor) at 17:52

Goalie Stats

Brian Boucher (NYR), 6 saves from 7 shots - (0.857), 24:19 minutes
Chris Mason (NYR), 11 saves from 15 shots - (0.733), L, 18-26-2, 35:41 minutes
Marty Turco (BUF), 27 saves from 28 shots - (0.964), W, 29-17-9, 60:00 minutes

Players Stats

Rangers
Player Name              G  A  P  +/- PIM S  H  SB FO    MP 
------------------------------------------------------------
Alexander Edler          0  0  0  -1  2   0  1  0  0/0   24 
Andrei Kostitsyn         0  1  1  -1  0   0  0  0  0/0   11 
Antti Miettinen          0  0  0  -1  0   0  0  0  2/2   14 
Bill Guerin              0  0  0  -1  0   3  1  0  0/0   11 
Chris Kelly              1  0  1  -1  0   6  1  0  8/16  17 
Christoph Schubert       0  0  0  -1  4   2  1  3  0/0   15 
Dan Cleary               0  0  0   0  4   3  1  0  0/1   17 
Evander Kane             0  0  0   0  0   1  2  0  0/0   5  
Fredrik Modin            0  0  0   0  0   1  0  0  0/0   11 
Gilbert Brule            0  0  0   0  2   2  1  0  1/1   17 
Jeff Finger              0  0  0   0  0   1  3  0  0/0   19 
Jim Slater               0  0  0   0  2   0  2  0  13/20 10 
Keith Ballard            0  0  0   0  0   2  0  0  0/0   24 
Lubomir Visnovsky        0  1  1  -1  0   1  0  2  0/0   21 
Mike Weaver              0  0  0  -1  0   0  0  0  0/0   17 
Mikko Koivu              0  0  0  -1  0   2  0  0  18/25 17 
Nikolai Kulemin          0  0  0  -1  2   3  2  0  0/1   19 
Scott Gomez              0  0  0   0  0   1  0  0  12/22 19 
Sabres
Player Name              G  A  P  +/- PIM S  H  SB FO    MP 
------------------------------------------------------------
Chris Phillips           0  0  0   2  0   0  4  1  0/0   21 
David Legwand            0  0  0   0  0   1  0  0  10/28 19 
Devin Setoguchi          0  0  0   0  0   0  1  0  0/1   9  
Eric Fehr                1  1  2   0  0   3  0  0  0/1   17 
James Neal               1  1  2   2  2   4  1  0  0/2   17 
Jeff Schultz             0  0  0   0  0   1  0  1  0/0   20 
Johan Franzen            0  0  0   0  0   0  3  0  0/2   21 
Kim Johnsson             0  1  1   0  0   0  0  0  0/0   11 
Kyle Quincey             0  0  0   0  2   1  1  0  0/0   20 
Luke Schenn              0  0  0   0  2   0  2  0  0/0   14 
Mike Richards            2  1  3   2  2   5  2  1  16/30 20 
Patrick Kaleta           0  0  0   0  4   1  1  0  0/1   8  
Paul Gaustad             0  0  0   0  2   0  2  1  6/15  15 
Rickard Wallin           0  0  0   0  0   0  0  1  1/4   8  
Teemu Selanne            0  2  2   2  0   5  0  0  0/2   16 
Tuomo Ruutu              0  1  1   0  0   0  4  0  1/2   17 
Tyler Myers              0  2  2   2  0   0  0  1  0/0   21 
Victor Hedman            1  0  1   0  0   1  1  0  0/0   12 

3 Stars

1 - Mike Richards (BUF)
2 - Marty Turco (BUF)
3 - James Neal (BUF)

Power Play

Rangers - 0 on 7 Attempt(s) - 0.00%
Sabres - 2 on 8 Attempt(s) - 25.00%

Penalty Kill

Rangers - 6 on 8 Attempt(s) - 75.00% - Score 0 goal in Penalty Kill
Sabres - 7 on 7 Attempt(s) - 100.00% - Score 0 goal in Penalty Kill

Game Notes

Brian Boucher enters game at 15:41 of 2nd period

Finance

Level 1 -- Attendance: 5923 (91.12%) -- Ticket Income $521,224.00
Level 2 -- Attendance: 4485 (89.70%) -- Ticket Income $224,250.00
Level 3 -- Attendance: 3500 (100.00%) -- Ticket Income $112,000.00
Level 4 -- Attendance: 2690 (100.00%) -- Ticket Income $48,420.00
Luxury Box -- Attendance: 1000 (100.00%) -- Ticket Income $186,000.00
Game was played at the HSBC Arena
Total Attendance: 17598 (94.16%)
Total Ticket Income: $1,111,951.00
Other Income: $177,431.10
Total Income: $1,289,382.00


Play by Play

Period #1

0:01 of 1st period - Mike Richards wins face-off versus Scott Gomez in neutral zone.
0:28 of 1st period - Shot by Scott Gomez.
0:28 of 1st period - Stopped by Marty Turco without a rebound.
0:29 of 1st period - Mikko Koivu wins face-off versus David Legwand in Sabres zone.
0:31 of 1st period - Minor Penalty to Kyle Quincey for Goalie Interference.
0:32 of 1st period - David Legwand wins face-off versus Mikko Koivu in Sabres zone.
0:47 of 1st period - Shot by Nikolai Kulemin.
0:47 of 1st period - Stopped by Marty Turco with a rebound.
0:49 of 1st period - Shot by Nikolai Kulemin.
0:49 of 1st period - Deflect By Dan Cleary.
0:49 of 1st period - Stopped by Marty Turco without a rebound.
0:50 of 1st period - Scott Gomez wins face-off versus Mike Richards in Sabres zone.
1:24 of 1st period - Shot by Alexander Edler.
1:24 of 1st period - Shot Blocked by Mike Richards.
1:28 of 1st period - Shot by Keith Ballard.
1:28 of 1st period - Stopped by Marty Turco without a rebound.
1:29 of 1st period - Mikko Koivu wins face-off versus David Legwand in Sabres zone.
1:39 of 1st period - Minor Penalty to Dan Cleary for Interference.
1:40 of 1st period - Mike Richards wins face-off versus Scott Gomez in Rangers zone.
1:43 of 1st period - Shot by Teemu Selanne.
1:43 of 1st period - Stopped by Chris Mason with a rebound.
1:57 of 1st period - Teemu Selanne is hit by Evander Kane and loses puck.
2:40 of 1st period - Shot by David Legwand.
2:40 of 1st period - Stopped by Chris Mason without a rebound.
2:41 of 1st period - Jim Slater wins face-off versus David Legwand in Rangers zone.
2:50 of 1st period - Shot by Jeff Schultz.
2:50 of 1st period - Shot Misses the Net.
2:52 of 1st period - Shot by Jeff Schultz.
2:52 of 1st period - Stopped by Chris Mason without a rebound.
2:53 of 1st period - David Legwand wins face-off versus Jim Slater in Rangers zone.
2:56 of 1st period - Shot by Eric Fehr.
2:56 of 1st period - Stopped by Chris Mason without a rebound.
2:57 of 1st period - Jim Slater wins face-off versus David Legwand in Rangers zone.
3:14 of 1st period - Shot by Victor Hedman.
3:14 of 1st period - Goal by Victor Hedman - Rangers : 0 - Sabres : 1.
3:15 of 1st period - Scott Gomez wins face-off versus Rickard Wallin in neutral zone.
3:48 of 1st period - Shot by Gilbert Brule.
3:48 of 1st period - Deflect By Dan Cleary.
3:48 of 1st period - Shot Misses the Net.
4:01 of 1st period - Icing by Dan Cleary.
4:02 of 1st period - Paul Gaustad wins face-off versus Scott Gomez in Rangers zone.
4:05 of 1st period - Shot by Tuomo Ruutu.
4:05 of 1st period - Shot Misses the Net.
4:51 of 1st period - Icing by Alexander Edler.
4:52 of 1st period - Mikko Koivu wins face-off versus David Legwand in Rangers zone.
5:14 of 1st period - Mike Weaver is hit by Johan Franzen and loses puck.
5:20 of 1st period - Icing by Nikolai Kulemin.
5:21 of 1st period - Mikko Koivu wins face-off versus Mike Richards in Rangers zone.
5:31 of 1st period - Icing by Chris Phillips.
5:32 of 1st period - Chris Kelly wins face-off versus Mike Richards in Sabres zone.
6:18 of 1st period - Icing by Lubomir Visnovsky.
6:19 of 1st period - Paul Gaustad wins face-off versus Chris Kelly in Rangers zone.
6:28 of 1st period - Paul Gaustad is hit by Bill Guerin and loses puck.
7:04 of 1st period - Off-side.
7:05 of 1st period - Mikko Koivu wins face-off versus David Legwand in neutral zone.
7:11 of 1st period - Icing by David Legwand.
7:12 of 1st period - Jim Slater wins face-off versus David Legwand in Sabres zone.
7:14 of 1st period - Minor Penalty to Jim Slater for Delaying the game.
7:15 of 1st period - Mike Richards wins face-off versus Mikko Koivu in Rangers zone.
7:15 of 1st period - Tyler Myers is hit by Christoph Schubert and loses puck.
8:12 of 1st period - Chris Kelly is hit by Tuomo Ruutu and loses puck.
9:08 of 1st period - Shot by Teemu Selanne.
9:08 of 1st period - Stopped by Chris Mason without a rebound.
9:09 of 1st period - David Legwand wins face-off versus Chris Kelly in Rangers zone.
9:31 of 1st period - Minor Penalty to Patrick Kaleta for Hooking.
9:32 of 1st period - Mikko Koivu wins face-off versus David Legwand in Sabres zone.
9:37 of 1st period - Shot by Jeff Finger.
9:37 of 1st period - Stopped by Marty Turco with a rebound.
9:39 of 1st period - Shot by Dan Cleary.
9:39 of 1st period - Deflect By Mikko Koivu.
9:39 of 1st period - Stopped by Marty Turco without a rebound.
9:40 of 1st period - Mikko Koivu wins face-off versus Johan Franzen in Sabres zone.
10:23 of 1st period - Gilbert Brule is hit by Johan Franzen and loses puck.
11:17 of 1st period - Shot by Lubomir Visnovsky.
11:17 of 1st period - Stopped by Marty Turco without a rebound.
11:18 of 1st period - Scott Gomez wins face-off versus David Legwand in Sabres zone.
11:19 of 1st period - Shot by Gilbert Brule.
11:19 of 1st period - Stopped by Marty Turco without a rebound.
11:20 of 1st period - Antti Miettinen wins face-off versus David Legwand in Sabres zone.
12:39 of 1st period - Minor Penalty to Alexander Edler for Interference.
12:40 of 1st period - Chris Kelly wins face-off versus Mike Richards in Rangers zone.
12:48 of 1st period - Off-side.
12:49 of 1st period - Chris Kelly wins face-off versus Mike Richards in neutral zone.
13:08 of 1st period - Shot by Mike Richards.
13:08 of 1st period - Deflect By Teemu Selanne.
13:08 of 1st period - Shot Misses the Net.
13:12 of 1st period - Shot by Teemu Selanne.
13:12 of 1st period - Shot Misses the Net.
13:14 of 1st period - Shot by Tyler Myers.
13:14 of 1st period - Shot Blocked by Christoph Schubert.
13:16 of 1st period - Shot by Mike Richards.
13:16 of 1st period - Shot Misses the Net.
13:18 of 1st period - Shot by Kyle Quincey.
13:18 of 1st period - Shot Misses the Net.
14:03 of 1st period - Chris Kelly is hit by Tuomo Ruutu and loses puck.
14:42 of 1st period - Chris Phillips is hit by Alexander Edler and loses puck.
14:55 of 1st period - Shot by Nikolai Kulemin.
14:55 of 1st period - Shot Blocked by Rickard Wallin.
15:29 of 1st period - Shot by Dan Cleary.
15:29 of 1st period - Stopped by Marty Turco without a rebound.
15:30 of 1st period - Mike Richards wins face-off versus Chris Kelly in Sabres zone.
15:49 of 1st period - Shot by Teemu Selanne.
15:49 of 1st period - Shot Misses the Net.
15:57 of 1st period - Shot by James Neal.
15:57 of 1st period - Stopped by Chris Mason without a rebound.
15:58 of 1st period - David Legwand wins face-off versus Scott Gomez in Rangers zone.
16:17 of 1st period - Scott Gomez is hit by Johan Franzen and loses puck.
17:03 of 1st period - Icing by Alexander Edler.
17:04 of 1st period - Mikko Koivu wins face-off versus Paul Gaustad in Rangers zone.
17:10 of 1st period - Icing by Paul Gaustad.
17:11 of 1st period - Chris Kelly wins face-off versus Paul Gaustad in Sabres zone.
17:14 of 1st period - Shot by Bill Guerin.
17:14 of 1st period - Stopped by Marty Turco without a rebound.
17:15 of 1st period - Chris Kelly wins face-off versus Mike Richards in Sabres zone.
17:49 of 1st period - Shot by Teemu Selanne.
17:49 of 1st period - Shot Misses the Net.
17:56 of 1st period - Off-side.
17:57 of 1st period - Jim Slater wins face-off versus Paul Gaustad in neutral zone.
18:31 of 1st period - Minor Penalty to Paul Gaustad for Hooking.
18:32 of 1st period - David Legwand wins face-off versus Mikko Koivu in Sabres zone.
18:32 of 1st period - David Legwand is hit by Nikolai Kulemin.
19:02 of 1st period - Shot by Mikko Koivu.
19:02 of 1st period - Stopped by Marty Turco without a rebound.
19:03 of 1st period - Mike Richards wins face-off versus Scott Gomez in Sabres zone.

Period #2

0:01 of 2nd period - Mike Richards wins face-off versus Scott Gomez in neutral zone.
0:22 of 2nd period - Shot by Scott Gomez.
0:22 of 2nd period - Shot Misses the Net.
0:24 of 2nd period - Shot by Keith Ballard.
0:24 of 2nd period - Stopped by Marty Turco without a rebound.
0:25 of 2nd period - Mikko Koivu wins face-off versus Mike Richards in Sabres zone.
0:38 of 2nd period - Shot by Kim Johnsson.
0:38 of 2nd period - Shot Blocked by Lubomir Visnovsky.
0:40 of 2nd period - Shot by Eric Fehr.
0:40 of 2nd period - Goal by Eric Fehr - Rangers : 0 - Sabres : 2.
0:41 of 2nd period - Jim Slater wins face-off versus Rickard Wallin in neutral zone.
1:04 of 2nd period - Icing by Jim Slater.
1:05 of 2nd period - Paul Gaustad wins face-off versus Jim Slater in Rangers zone.
1:50 of 2nd period - Shot by Bill Guerin.
1:50 of 2nd period - Stopped by Marty Turco without a rebound.
1:51 of 2nd period - Mike Richards wins face-off versus Chris Kelly in Sabres zone.
2:03 of 2nd period - Shot by Teemu Selanne.
2:03 of 2nd period - Shot Blocked by Christoph Schubert.
2:05 of 2nd period - Shot by Chris Phillips.
2:05 of 2nd period - Shot Blocked by Christoph Schubert.
2:07 of 2nd period - Shot by Mike Richards.
2:07 of 2nd period - Stopped by Chris Mason without a rebound.
2:08 of 2nd period - Scott Gomez wins face-off versus David Legwand in Rangers zone.
2:10 of 2nd period - Icing by Jeff Finger.
2:11 of 2nd period - Scott Gomez wins face-off versus David Legwand in Rangers zone.
2:22 of 2nd period - Shot by Scott Gomez.
2:22 of 2nd period - Shot Misses the Net.
3:08 of 2nd period - Minor Penalty to Christoph Schubert for Interference.
3:09 of 2nd period - Mike Richards wins face-off versus Jim Slater in Rangers zone.
4:40 of 2nd period - Shot by Teemu Selanne.
4:40 of 2nd period - Stopped by Chris Mason without a rebound.
4:41 of 2nd period - Mike Richards wins face-off versus Nikolai Kulemin in Rangers zone.
4:44 of 2nd period - Shot by Teemu Selanne.
4:44 of 2nd period - Stopped by Chris Mason without a rebound.
4:45 of 2nd period - Mike Richards wins face-off versus Chris Kelly in Rangers zone.
4:50 of 2nd period - Shot by Teemu Selanne.
4:50 of 2nd period - Stopped by Chris Mason without a rebound.
4:51 of 2nd period - Jim Slater wins face-off versus Mike Richards in Rangers zone.
5:24 of 2nd period - Scott Gomez is hit by Chris Phillips.
6:18 of 2nd period - Chris Kelly is hit by Chris Phillips and loses puck.
6:47 of 2nd period - Mikko Koivu is hit by Chris Phillips and loses puck.
6:54 of 2nd period - Shot by Nikolai Kulemin.
6:54 of 2nd period - Stopped by Marty Turco without a rebound.
6:55 of 2nd period - Paul Gaustad wins face-off versus Jim Slater in Sabres zone.
6:55 of 2nd period - Paul Gaustad is hit by Evander Kane.
7:06 of 2nd period - Shot by Keith Ballard.
7:06 of 2nd period - Shot Misses the Net.
7:14 of 2nd period - Shot by Evander Kane.
7:14 of 2nd period - Stopped by Marty Turco without a rebound.
7:15 of 2nd period - Mike Richards wins face-off versus Scott Gomez in Sabres zone.
7:25 of 2nd period - Minor Penalty to Gilbert Brule for Holding.
7:26 of 2nd period - Chris Kelly wins face-off versus Teemu Selanne in Rangers zone.
7:26 of 2nd period - Chris Kelly is hit by Mike Richards.
7:52 of 2nd period - Shot by Mike Richards.
7:52 of 2nd period - Shot Misses the Net.
7:54 of 2nd period - Shot by James Neal.
7:54 of 2nd period - Goal by James Neal - Rangers : 0 - Sabres : 3.
7:55 of 2nd period - Chris Kelly wins face-off versus Tuomo Ruutu in neutral zone.
7:55 of 2nd period - Bill Guerin is hit by Tuomo Ruutu and loses puck.
7:59 of 2nd period - Chris Kelly is hit by Paul Gaustad and loses puck.
8:09 of 2nd period - Chris Kelly is hit by Luke Schenn and loses puck.
8:12 of 2nd period - Shot by Chris Kelly.
8:12 of 2nd period - Goal by Chris Kelly - Rangers : 1 - Sabres : 3.
8:13 of 2nd period - Scott Gomez wins face-off versus David Legwand in neutral zone.
8:43 of 2nd period - David Legwand is hit by Gilbert Brule and loses puck.
8:49 of 2nd period - Icing by Jeff Schultz.
8:50 of 2nd period - Antti Miettinen wins face-off versus David Legwand in Sabres zone.
9:03 of 2nd period - Shot by Mikko Koivu.
9:03 of 2nd period - Shot Misses the Net.
9:10 of 2nd period - Minor Penalty to Nikolai Kulemin for Charging.
9:11 of 2nd period - Jim Slater wins face-off versus Mike Richards in Rangers zone.
9:17 of 2nd period - Icing by Tyler Myers.
9:18 of 2nd period - Mike Richards wins face-off versus Jim Slater in Sabres zone.
10:25 of 2nd period - Shot by Jeff Schultz.
10:25 of 2nd period - Shot Misses the Net.
10:57 of 2nd period - Shot by Mike Richards.
10:57 of 2nd period - Shot Blocked by Lubomir Visnovsky.
10:59 of 2nd period - Shot by Kyle Quincey.
10:59 of 2nd period - Shot Misses the Net.
11:03 of 2nd period - Shot by James Neal.
11:03 of 2nd period - Stopped by Chris Mason without a rebound.
11:04 of 2nd period - Jim Slater wins face-off versus Devin Setoguchi in Rangers zone.
11:04 of 2nd period - Jim Slater is hit by Tuomo Ruutu.
12:11 of 2nd period - Shot by Johan Franzen.
12:11 of 2nd period - Shot Misses the Net.
12:24 of 2nd period - Mikko Koivu is hit by Victor Hedman and loses puck.
12:43 of 2nd period - Shot by Chris Kelly.
12:43 of 2nd period - Shot Misses the Net.
12:45 of 2nd period - Shot by Christoph Schubert.
12:45 of 2nd period - Stopped by Marty Turco with a rebound.
12:47 of 2nd period - Shot by Chris Kelly.
12:47 of 2nd period - Shot Misses the Net.
12:55 of 2nd period - Shot by Chris Kelly.
12:55 of 2nd period - Stopped by Marty Turco without a rebound.
12:56 of 2nd period - Mike Richards wins face-off versus Jim Slater in Sabres zone.
12:56 of 2nd period - Mike Richards is hit by Jim Slater.
13:19 of 2nd period - Kyle Quincey is hit by Jeff Finger and loses puck.
13:40 of 2nd period - Andrei Kostitsyn is hit by Mike Richards and loses puck.
13:53 of 2nd period - Shot by Christoph Schubert.
13:53 of 2nd period - Stopped by Marty Turco with a rebound.
13:55 of 2nd period - Shot by Chris Kelly.
13:55 of 2nd period - Stopped by Marty Turco without a rebound.
13:56 of 2nd period - Mikko Koivu wins face-off versus Paul Gaustad in Sabres zone.
14:00 of 2nd period - Icing by Luke Schenn.
14:01 of 2nd period - Tuomo Ruutu wins face-off versus Mikko Koivu in Sabres zone.
15:33 of 2nd period - Shot by Teemu Selanne.
15:33 of 2nd period - Shot Misses the Net.
15:41 of 2nd period - Shot by James Neal.
15:41 of 2nd period - Deflect By Mike Richards.
15:41 of 2nd period - Goal by Mike Richards - Rangers : 1 - Sabres : 4.
15:41 of 2nd period - Brian Boucher enters game.
15:42 of 2nd period - Scott Gomez wins face-off versus David Legwand in neutral zone.
16:20 of 2nd period - Shot by David Legwand.
16:20 of 2nd period - Shot Misses the Net.
17:03 of 2nd period - Icing by Gilbert Brule.
17:04 of 2nd period - Rickard Wallin wins face-off versus Scott Gomez in Rangers zone.
17:20 of 2nd period - Icing by Scott Gomez.
17:21 of 2nd period - David Legwand wins face-off versus Scott Gomez in Rangers zone.
17:25 of 2nd period - Devin Setoguchi is hit by Jeff Finger.
17:59 of 2nd period - Scott Gomez is hit by James Neal and loses puck.
18:31 of 2nd period - Off-side.
18:32 of 2nd period - Paul Gaustad wins face-off versus Chris Kelly in neutral zone.
19:07 of 2nd period - Shot by Eric Fehr.
19:07 of 2nd period - Stopped by Brian Boucher without a rebound.
19:08 of 2nd period - Mikko Koivu wins face-off versus David Legwand in Rangers zone.
19:46 of 2nd period - Shot by Antti Miettinen.
19:46 of 2nd period - Shot Misses the Net.
19:58 of 2nd period - Johan Franzen is hit by Nikolai Kulemin and loses puck.

Period #3

0:01 of 3rd period - Mike Richards wins face-off versus Dan Cleary in neutral zone.
0:15 of 3rd period - Minor Penalty to James Neal for Holding.
0:16 of 3rd period - Mikko Koivu wins face-off versus David Legwand in Sabres zone.
0:42 of 3rd period - Off-side.
0:43 of 3rd period - Scott Gomez wins face-off versus Mike Richards in neutral zone.
0:57 of 3rd period - Scott Gomez is hit by Kyle Quincey and loses puck.
1:07 of 3rd period - Icing by Gilbert Brule.
1:08 of 3rd period - Scott Gomez wins face-off versus Mike Richards in Rangers zone.
2:38 of 3rd period - Minor Penalty to Christoph Schubert for Hooking.
2:39 of 3rd period - Mike Richards wins face-off versus Jim Slater in Rangers zone.
3:06 of 3rd period - Shot by Tyler Myers.
3:06 of 3rd period - Shot Misses the Net.
3:08 of 3rd period - Shot by Mike Richards.
3:08 of 3rd period - Stopped by Brian Boucher without a rebound.
3:09 of 3rd period - Jim Slater wins face-off versus David Legwand in Rangers zone.
3:56 of 3rd period - Mike Richards is hit by Jim Slater and loses puck.
4:03 of 3rd period - Shot by Kyle Quincey.
4:03 of 3rd period - Stopped by Brian Boucher without a rebound.
4:04 of 3rd period - Chris Kelly wins face-off versus Teemu Selanne in Rangers zone.
4:17 of 3rd period - Shot by Tyler Myers.
4:17 of 3rd period - Shot Hit the Post.
4:19 of 3rd period - Shot by Mike Richards.
4:19 of 3rd period - Deflect By Teemu Selanne.
4:19 of 3rd period - Shot Misses the Net.
4:40 of 3rd period - Icing by Nikolai Kulemin.
4:41 of 3rd period - Mikko Koivu wins face-off versus Rickard Wallin in Rangers zone.
4:54 of 3rd period - Shot by Patrick Kaleta.
4:54 of 3rd period - Stopped by Brian Boucher without a rebound.
4:55 of 3rd period - Gilbert Brule wins face-off versus Paul Gaustad in Rangers zone.
5:27 of 3rd period - Shot by Dan Cleary.
5:27 of 3rd period - Deflect By Gilbert Brule.
5:27 of 3rd period - Stopped by Marty Turco with a rebound.
5:56 of 3rd period - Shot by Chris Kelly.
5:56 of 3rd period - Stopped by Marty Turco with a rebound.
5:58 of 3rd period - Shot by Chris Kelly.
5:58 of 3rd period - Shot Misses the Net.
6:02 of 3rd period - Shot by Bill Guerin.
6:02 of 3rd period - Stopped by Marty Turco without a rebound.
6:03 of 3rd period - David Legwand wins face-off versus Mikko Koivu in Sabres zone.
6:50 of 3rd period - Minor Penalty to Dan Cleary for Roughing.
6:51 of 3rd period - Jim Slater wins face-off versus Mike Richards in Rangers zone.
7:14 of 3rd period - Shot by James Neal.
7:14 of 3rd period - Stopped by Brian Boucher without a rebound.
7:15 of 3rd period - David Legwand wins face-off versus Chris Kelly in Rangers zone.
9:06 of 3rd period - Chris Phillips is hit by Jeff Finger and loses puck.
9:27 of 3rd period - Icing by Lubomir Visnovsky.
9:28 of 3rd period - Scott Gomez wins face-off versus Eric Fehr in Rangers zone.
9:34 of 3rd period - Off-side.
9:35 of 3rd period - Mikko Koivu wins face-off versus Paul Gaustad in neutral zone.
9:39 of 3rd period - Alexander Edler is hit by Luke Schenn and loses puck.
9:54 of 3rd period - Shot by Nikolai Kulemin.
9:54 of 3rd period - Stopped by Marty Turco without a rebound.
9:55 of 3rd period - Jim Slater wins face-off versus Mike Richards in Sabres zone.
9:56 of 3rd period - Shot by Keith Ballard.
9:56 of 3rd period - Shot Blocked by Chris Phillips.
10:00 of 3rd period - Shot by Fredrik Modin.
10:00 of 3rd period - Stopped by Marty Turco without a rebound.
10:01 of 3rd period - David Legwand wins face-off versus Chris Kelly in Sabres zone.
11:06 of 3rd period - Shot by Teemu Selanne.
11:06 of 3rd period - Shot Misses the Net.
11:08 of 3rd period - Shot by Tyler Myers.
11:08 of 3rd period - Shot Misses the Net.
11:10 of 3rd period - Shot by Mike Richards.
11:10 of 3rd period - Stopped by Brian Boucher without a rebound.
11:11 of 3rd period - Mikko Koivu wins face-off versus Paul Gaustad in Rangers zone.
11:41 of 3rd period - Icing by Luke Schenn.
11:42 of 3rd period - Jim Slater wins face-off versus Paul Gaustad in Sabres zone.
12:30 of 3rd period - Shot by Andrei Kostitsyn.
12:30 of 3rd period - Shot Blocked by Paul Gaustad.
12:34 of 3rd period - Shot by Chris Kelly.
12:34 of 3rd period - Deflect By Andrei Kostitsyn.
12:34 of 3rd period - Shot Misses the Net.
12:36 of 3rd period - Shot by Chris Kelly.
12:36 of 3rd period - Shot Misses the Net.
12:38 of 3rd period - Shot by Chris Kelly.
12:38 of 3rd period - Stopped by Marty Turco without a rebound.
12:39 of 3rd period - Mike Richards wins face-off versus Scott Gomez in Sabres zone.
12:51 of 3rd period - Icing by Keith Ballard.
12:52 of 3rd period - Scott Gomez wins face-off versus Johan Franzen in Rangers zone.
12:52 of 3rd period - Scott Gomez is hit by Devin Setoguchi.
14:02 of 3rd period - Chris Phillips is hit by Chris Kelly and loses puck.
14:15 of 3rd period - Shot by Mike Richards.
14:15 of 3rd period - Goal by Mike Richards - Rangers : 1 - Sabres : 5.
14:16 of 3rd period - Mikko Koivu wins face-off versus Patrick Kaleta in neutral zone.
14:16 of 3rd period - Mikko Koivu is hit by Patrick Kaleta.
14:49 of 3rd period - Minor Penalty to Patrick Kaleta for Holding.
14:50 of 3rd period - David Legwand wins face-off versus Mikko Koivu in Sabres zone.
14:50 of 3rd period - David Legwand is hit by Dan Cleary.
15:00 of 3rd period - Nikolai Kulemin is hit by Paul Gaustad and loses puck.
15:08 of 3rd period - Minor Penalty to Mike Richards for Holding.
15:09 of 3rd period - Scott Gomez wins face-off versus James Neal in Sabres zone.
16:11 of 3rd period - Lubomir Visnovsky is hit by Chris Phillips.
16:45 of 3rd period - Shot by Gilbert Brule.
16:45 of 3rd period - Shot Blocked by Jeff Schultz.
16:55 of 3rd period - Shot by Jeff Finger.
16:55 of 3rd period - Shot Misses the Net.
16:57 of 3rd period - Shot by Fredrik Modin.
16:57 of 3rd period - Deflect By Dan Cleary.
16:57 of 3rd period - Shot Misses the Net.
16:59 of 3rd period - Shot by Chris Kelly.
16:59 of 3rd period - Stopped by Marty Turco without a rebound.
17:00 of 3rd period - Mikko Koivu wins face-off versus James Neal in Sabres zone.
17:05 of 3rd period - Shot by Dan Cleary.
17:05 of 3rd period - Stopped by Marty Turco without a rebound.
17:06 of 3rd period - Paul Gaustad wins face-off versus Mikko Koivu in Sabres zone.
17:36 of 3rd period - Icing by Tuomo Ruutu.
17:37 of 3rd period - Jim Slater wins face-off versus Paul Gaustad in Sabres zone.
17:52 of 3rd period - Minor Penalty to Luke Schenn for Hooking.
17:53 of 3rd period - Mikko Koivu wins face-off versus Mike Richards in Sabres zone.
17:58 of 3rd period - Shot by Lubomir Visnovsky.
17:58 of 3rd period - Shot Hit the Post.
18:12 of 3rd period - Shot by Lubomir Visnovsky.
18:12 of 3rd period - Shot Blocked by Tyler Myers.


Output by the SimonT Hockey Simulator (STHS) for Stephane Roy -- Original Page W3C XHTML 1.0 Valid